 Dungeon Crawl Stone Soup version 0.31-a0-182-gc5ef74bbde (webtiles) character file.

Game seed: 3734738953494856754

2990 qw the Cleaver (level 9, 0/57 HPs)
             Began as a Gargoyle Fighter on June 20, 2023.
             Was a Follower of Okawaru.
             Slain by a yak (5 damage)
             ... on level 9 of the Dungeon.
             The game lasted 00:03:32 (7174 turns).

qw the Cleaver (Gargoyle Fighter)                   Turns: 7174, Time: 00:03:33

Health: 0/57       AC: 21    Str: 24    XL:     9   Next: 83%
Magic:  10/12      EV: 12    Int:  9    God:    Okawaru [*.....]
Gold:   424        SH: 14    Dex: 15    Spells: 8/8 levels left

rFire   + . .        Y - +1 war axe (chaos)
rCold   . . .        h - +3 buckler of Relativism {Dex+6}
rNeg    + . .        e - +0 chain mail
rPois   inf          (no helmet)
rElec   +            (no cloak)
rCorr   .            l - +1 pair of gloves
SInv    .            m - +0 pair of boots
Will    +....        i - amulet of reflection Stlth
                     b - ring of willpower
HPRegen 0.29/turn    s - ring of protection from fire
MPRegen 0.13/turn

%: reflection
@: about to teleport, heroic, flying
A: sickness immunity, AC +6, negative energy resistance 1, electricity
resistance, torment resistance 1, petrification resistance, big wings,
MP-powered wands
a: Renounce Religion, Heroism


You were on level 9 of the Dungeon.
You worshipped Okawaru.
Okawaru was aware of your devotion.
You visited 1 branch of the dungeon, and saw 9 of its levels.

You collected 454 gold pieces.
You spent 30 gold pieces at shops.


Innate Abilities, Weirdness & Mutations

You are immune to sickness and miasma.
Your stone body is resilient. (AC +6)
You are immune to poison.
You resist negative energy. (rN+)
You are resistant to electric shocks. (rElec)
You are resistant to unholy torment.
You are immune to petrification.
Your large and strong wings let you fly.
You expend magic power (3 MP) to strengthen your wands.


   Skills:
 - Level 7.0(12.0) Fighting
 + Level 9.5(14.5) Axes
 - Level 1.3(6.3) Throwing
 - Level 5.0(10.0) Armour
 - Level 2.0(7.0) Dodging
 - Level 4.0(9.0) Shields
 - Level 4.0 Invocations


You had 8 spell levels left.
You didn't know any spells.
Your spell library was empty.

Inventory:

Hand Weapons
 q - a +0 hand axe
 u - a +4 flail
 Y - a +1 war axe of chaos (weapon)
Armour
 e - a +0 chain mail (worn)
 h - the +3 buckler of Relativism (worn) {Dex+6}
   (You acquired it on level 4 of the Dungeon)

   Dex:       It affects your dexterity (+6).
 l - a +1 pair of gloves (worn)
 m - a +0 pair of boots (worn)
Jewellery
 b - a ring of willpower (left hand)
 i - an amulet of reflection (around neck)
 s - a ring of protection from fire (right hand)
 v - a ring of willpower
Scrolls
 a - 3 scrolls of identify
Potions
 d - 2 potions of might
 f - a potion of resistance
 g - 2 potions of cancellation
 j - 3 potions of haste
 k - 3 potions of curing
 n - 2 potions of enlightenment
 o - 3 potions of attraction
 p - a potion of mutation
 r - a potion of degeneration {unknown}
 t - a potion of magic

Dungeon Overview and Level Annotations

Branches:
Dungeon (9/15)             Temple (0/1) D:6
   Lair: D:8-11         Orc: D:9-12

Altars:
Ashenzari
Cheibriados
Elyvilon
Fedhas
Kikubaaqudgha
Makhleb
Okawaru
Qazlal
Ru
Uskayaw
Vehumet
Wu Jian
Xom
Zin

Shops:
D:3 *   D:7 =

Annotations:
D:6 2 transporters, qw's ghost, novice GrHu
D:8 exclusion: ice statue


Message History

You slash the yak!
The yak is moderately wounded.
You slash the yak! The yak gores you! The yak barely misses you.
The yak gores you but does no damage.
You hit the yak.
The yak is moderately wounded.
You completely miss the yak. You block the yak's attack.
You hit the yak. You burn the yak.
The yak is heavily wounded.
You barely miss the yak. x2
You block the yak's attack. x2
You barely miss the yak.
The yak is heavily wounded.
You hit the yak but do no damage. You hit the yak.
The yak seems to grow stronger.
The yak barely misses you. You block the yak's attack. x2
You slash the yak!
You feel better.
The yak is severely wounded.
You hit the yak but do no damage. You slash the yak!
The yak resists with some effort.
You hit the yak. You freeze the yak. The yak gores you but does no damage.
You slash the yak! You freeze the yak.
The yak is almost dead.
You completely miss the yak. You slash the yak! You freeze the yak.
You hit the yak but do no damage.
The yak seems to speed up.
You block the yak's attack. x2; The yak barely misses you.
The yak gores you! The yak gores you. The yak gores you!
7173 ||| READING scroll of teleportation.
As you read the scroll of teleportation, it crumbles to dust.
You feel strangely unstable. The yak gores you but does no damage.
You block the yak's attack. The yak gores you!
The yak gores you but does no damage.
You hit the yak. You freeze the yak.
The yak is almost dead.
You hit the yak.
You feel better.
You closely miss the yak. You hit the yak.
You feel better. The yak gores you.
You die...

#...#..# # #...#
#...#..# # #...#
#...#..# # # #...#
#...#..#### #. #...#
#...#...... #.. #...#
#...#...... #.#..##...#
#...#...... #....?YY..#
#.......###
#.....Y@..####.......# #
#....##Y.......[.:...777
#.. #.............7..¤ #
#.............7¤¤.
#..######.....7¤¤. #..#
#.....7.~¤ #..#
#.....7.~~ #..#
#.....7.~~ #..#
#.....7.~.


You could see 4 yaks.

Vanquished Creatures
  A yak (D:9)
  A water moccasin (D:7)
  3 ogres
  A centaur (D:7)
  2 phantoms
  Blork the orc (D:6)
  2 kobold brigands (D:7)
  2 bullfrogs
  5 scorpions
  4 wights (D:9)
  12 killer bees
  5 howler monkeys
  A hound (D:5)
  2 jellies
  5 orc priests
  A sleepcap (D:6)
  7 orc wizards
  4 gnolls (D:3)
  9 adders
  2 river rats (D:3)
  2 shadow imps
  2 white imps
  2 ufetubi
  2 worms (D:3)
  A dart slug (D:1)
  10 orcs
  6 ball pythons
  5 endoplasms
  A giant cockroach (D:3)
  11 goblins
  4 hobgoblins
  4 jackals (D:1)
  12 kobolds
  5 quokkas
  4 bats
  2 frilled lizards (D:1)
  5 rats
148 creatures vanquished.

Notes
Turn   | Place    | Note
-------+----------+-------------------------------------------
     0 | D:1      | qw the Gargoyle Fighter began the quest for the Orb.
     0 | D:1      | Reached XP level 1. HP: 14/14 MP: 1/1
     0 | D:1      | 0 ||| qw: Version: 0.3-a-9-g12657ce
     0 | D:1      | 0 ||| qw: Game counter: 1239
     0 | D:1      | 0 ||| qw: Always use a shield: true
     0 | D:1      | 0 ||| qw: God list: Okawaru
     0 | D:1      | 0 ||| qw: Allow faded altars: false
     0 | D:1      | 0 ||| qw: Do Orc after D:15 true
     0 | D:1      | 0 ||| qw: Do second Lair branch before Depths: true
     0 | D:1      | 0 ||| qw: Lair rune preference: random
     0 | D:1      | 0 ||| qw: Plans: Normal, Zot:1-4, Slime:5, God:TSO, Crypt,
                  | Tomb, Abyss, Pan, Hells, Win
     0 | D:1      | 0 ||| PLANNING D:1-11
     1 | D:1      | Noticed an electric eel
    68 | D:1      | Reached skill level 2 in Axes
    82 | D:1      | 82 ||| Stepping ~*~*~tactically~*~*~ (hiding).
    95 | D:1      | Reached XP level 2. HP: 19/19 MP: 2/2
    97 | D:1      | 97 ||| Stepping ~*~*~tactically~*~*~ (stealth).
   100 | D:1      | 100 ||| Stepping ~*~*~tactically~*~*~ (stealth).
   120 | D:1      | 120 ||| Stepping ~*~*~tactically~*~*~ (stealth).
   228 | D:1      | 228 ||| Stepping ~*~*~tactically~*~*~ (stealth).
   275 | D:1      | Reached skill level 3 in Axes
   297 | D:1      | 297 ||| Stepping ~*~*~tactically~*~*~ (stealth).
   312 | D:1      | Reached XP level 3. HP: 22/23 MP: 3/3
   599 | D:1      | 599 ||| UPGRADING to +0 pair of gloves.
   604 | D:1      | 604 ||| UPGRADING to +0 pair of boots.
   609 | D:1      | 609 ||| UPGRADING to amulet of reflection.
   614 | D:1      | 614 ||| READING 2 scrolls labelled RUFUAREZXO.
   615 | D:1      | 615 ||| READING scroll labelled APNEIRUUDU.
   616 | D:1      | 616 ||| READING scroll labelled FANKONUWORR.
   617 | D:1      | 617 ||| DRINKING 2 viscous amethyst potions.
   618 | D:1      | 618 ||| DRINKING 2 yellow potions.
   618 | D:1      | Gained mutation: Your large and strong wings let you fly.
                  | [potion of mutation]
   618 | D:1      | Gained mutation: You expend magic power (3 MP) to
                  | strengthen your wands. [potion of mutation]
   666 | D:2      | 666 ||| Stepping ~*~*~tactically~*~*~ (hiding).
   667 | D:2      | 667 ||| Stepping ~*~*~tactically~*~*~ (hiding).
   721 | D:2      | 721 ||| Stepping ~*~*~tactically~*~*~ (stealth).
   760 | D:2      | 760 ||| Stepping ~*~*~tactically~*~*~ (stealth).
  1164 | D:2      | Reached skill level 1 in Throwing
  1229 | D:2      | 1229 ||| UPGRADING to +0 chain mail.
  1239 | D:2      | 1239 ||| DROPPING +0 scale mail.
  1240 | D:2      | 1240 ||| READING scroll labelled SEHYTUMEAM.
  1257 | D:2      | 1257 ||| READING scroll labelled FUXEPEKUETT.
  1258 | D:2      | 1258 ||| READING 3 scrolls of identify.
  1258 | D:2      | 1258 ||| IDENTIFYING smoky dark potion
  1259 | D:2      | 1259 ||| READING 2 scrolls of identify.
  1259 | D:2      | 1259 ||| IDENTIFYING bubbling golden potion
  1286 | D:3      | 1286 ||| PLANNING SEWER
  1411 | D:3      | Reached XP level 4. HP: 22/28 MP: 4/4
  1413 | D:3      | 1413 ||| FLEEEEING.
  1467 | D:3      | 1467 ||| Stepping ~*~*~tactically~*~*~ (stealth).
  1601 | D:3      | Reached skill level 4 in Axes
  1605 | D:3      | Reached XP level 5. HP: 12/32 MP: 5/5
  1605 | D:3      | HP: 8/32 [gnoll/+0 flail (4)]
  1702 | D:3      | 1702 ||| DROPPING +0 whip.
  1720 | D:3      | Found Papnos's General Store.
  1722 | D:3      | You are sucked into a shaft and drop 2 floors!
  1722 | D:5      | Entered Level 5 of the Dungeon
  1807 | D:5      | Reached skill level 5 in Axes
  1823 | D:5      | 1823 ||| UPGRADING to ring of willpower.
  1824 | D:5      | 1824 ||| READING scroll labelled NAORONUJIYL.
  1825 | D:5      | 1825 ||| READING 2 scrolls of identify.
  1825 | D:5      | 1825 ||| IDENTIFYING lumpy golden potion
  1826 | D:5      | 1826 ||| DROPPING potion of invisibility.
  1910 | D:4      | Reached XP level 6. HP: 37/37 MP: 6/6
  1974 | D:3      | 1974 ||| RIP SEWER
  1985 | D:3      | 1985 ||| PLANNING D:1-11
  2254 | D:3      | 2254 ||| BUYING potion of curing (30 gold).
  2254 | D:3      | Bought a potion of curing for 30 gold pieces
  2254 | D:3      | 2254 ||| SHOPLISTING ring of see invisible (150 gold, have
                  | 126).
  2671 | D:4      | Found an ancient bone altar of Kikubaaqudgha.
  2770 | D:4      | Reached skill level 6 in Axes
  2832 | D:4      | Reached XP level 7. HP: 43/43 MP: 7/7
  3142 | D:4      | Found a hide-covered altar of Uskayaw.
  3237 | D:4      | 3237 ||| READING scroll labelled MIMUICSU VYADAM.
  3237 | D:4      | Identified a scroll of acquirement
  3237 | D:4      | 3237 ||| ACQUIRING +3 buckler of Relativism {Dex+6}
  3237 | D:4      | Acquired the +3 buckler of Relativism {Dex+6}
  3239 | D:4      | 3239 ||| UPGRADING to +3 buckler of Relativism {Dex+6}.
  3249 | D:4      | 3249 ||| DROPPING +0 buckler.
  3250 | D:4      | 3250 ||| READING 2 scrolls of identify.
  3250 | D:4      | 3250 ||| IDENTIFYING cyan potion
  3354 | D:5      | Found an iron altar of Okawaru.
  3355 | D:5      | 3355 ||| PLANNING OKAWARU WORSHIP
  3357 | D:5      | Became a worshipper of Warmaster Okawaru
  3358 | D:5      | 3358 ||| PLANNING D:1-11
  3589 | D:5      | Reached skill level 1 in Dodging
  3683 | D:5      | Found a basalt altar of Yredelemnul.
  3685 | D:5      | Found a broken altar of Ashenzari.
  3685 | D:5      | Found a blossoming altar of Fedhas.
  3687 | D:5      | Found a stormy altar of Qazlal.
  3687 | D:5      | Found a snail-covered altar of Cheibriados.
  3687 | D:5      | Found a shimmering altar of Xom.
  3831 | D:5      | 3831 ||| Stepping ~*~*~tactically~*~*~ (hiding).
  3832 | D:5      | 3832 ||| Stepping ~*~*~tactically~*~*~ (hiding).
  3995 | D:5      | 3995 ||| READING 2 scrolls labelled YCEBAE QEDWOGH.
  3999 | D:5      | 3999 ||| READING 3 scrolls of identify.
  3999 | D:5      | 3999 ||| IDENTIFYING sedimented blue potion
  4058 | D:6      | Reached skill level 7 in Axes
  4084 | D:6      | Noticed Blork the orc
  4093 | D:6      | Killed Blork the orc
  4116 | D:6      | Found a glowing silver altar of Zin.
  4130 | D:6      | Found a staircase to the Ecumenical Temple.
  4178 | D:6      | Reached * piety under Okawaru
  4179 | D:6      | Reached XP level 8. HP: 49/49 MP: 8/8
  4211 | D:6      | Reached skill level 1 in Invocations
  4224 | D:6      | 4224 ||| READING scroll labelled PITOET CUEDGHAXT.
  4225 | D:6      | 4225 ||| READING scroll labelled TYTYXZ FARYDEY.
  4226 | D:6      | 4226 ||| READING scroll labelled ALULIE DOOHEC.
  4233 | D:6      | 4233 ||| STAIRDANCE
  4234 | D:5      | Found a sacrificial altar of Ru.
  4234 | D:5      | Found a snail-covered altar of Cheibriados.
  4334 | D:6      | Found a blossoming altar of Fedhas.
  4337 | D:6      | 4337 ||| INVOKING Heroism.
  4350 | D:6      | 4350 ||| INVOKING Heroism.
  4351 | D:6      | 4351 ||| INVOKING Heroism.
  4382 | D:6      | 4382 ||| READING scroll of enchant armour.
  4382 | D:6      | 4382 ||| ENCHANTING +0 pair of gloves.
  4417 | D:6      | 4417 ||| Stepping ~*~*~tactically~*~*~ (hiding).
  4418 | D:6      | 4418 ||| Stepping ~*~*~tactically~*~*~ (hiding).
  4421 | D:6      | 4421 ||| INVOKING Heroism.
  4464 | D:6      | 4464 ||| INVOKING Heroism.
  4577 | D:6      | Found a transporter.
  4578 | D:6      | Found a transporter.
  4582 | D:6      | Noticed qw's ghost (novice GrHu)
  4583 | D:6      | Noticed a queen bee
  4609 | D:6      | Reached skill level 8 in Axes
  4789 | D:6      | 4789 ||| READING scroll labelled HIURROAWIC.
  4790 | D:6      | 4790 ||| READING 2 scrolls of identify.
  4790 | D:6      | 4790 ||| IDENTIFYING fuming sapphire potion
  4890 | D:7      | 4890 ||| Stepping ~*~*~tactically~*~*~ (hiding).
  4891 | D:7      | 4891 ||| Stepping ~*~*~tactically~*~*~ (hiding).
  4893 | D:7      | 4893 ||| INVOKING Heroism.
  4923 | D:7      | Found Piore's Jewellery Emporium.
  4926 | D:7      | 4926 ||| SHOPLISTING +4 ring of protection (432 gold, have
                  | 291).
  4926 | D:7      | 4926 ||| SHOPLISTING +4 ring of slaying (936 gold, have
                  | 291).
  4926 | D:7      | 4926 ||| SHOPLISTING +5 ring of evasion (432 gold, have
                  | 291).
  4926 | D:7      | 4926 ||| SHOPLISTING +6 ring of dexterity (432 gold, have
                  | 291).
  4926 | D:7      | 4926 ||| SHOPLISTING +6 ring of strength (432 gold, have
                  | 291).
  4947 | D:7      | 4947 ||| Stepping ~*~*~tactically~*~*~ (hiding).
  4948 | D:7      | 4948 ||| Stepping ~*~*~tactically~*~*~ (hiding).
  4979 | D:7      | 4979 ||| Stepping ~*~*~tactically~*~*~ (stealth).
  5001 | D:7      | 5001 ||| INVOKING Heroism.
  5013 | D:7      | Reached skill level 3 in Invocations
  5017 | D:7      | Reached skill level 6 in Fighting
  5019 | D:7      | Reached XP level 9. HP: 37/55 MP: 9/11
  5020 | D:7      | 5020 ||| INVOKING Heroism.
  5101 | D:7      | 5101 ||| Stepping ~*~*~tactically~*~*~ (stealth).
  5103 | D:7      | 5103 ||| Stepping ~*~*~tactically~*~*~ (stealth).
  5118 | D:7      | 5118 ||| Stepping ~*~*~tactically~*~*~ (hiding).
  5120 | D:7      | 5120 ||| Stepping ~*~*~tactically~*~*~ (hiding).
  5124 | D:7      | 5124 ||| INVOKING Heroism.
  5128 | D:7      | 5128 ||| Stepping ~*~*~tactically~*~*~ (stealth).
  5131 | D:7      | 5131 ||| Stepping ~*~*~tactically~*~*~ (stealth).
  5132 | D:7      | 5132 ||| Stepping ~*~*~tactically~*~*~ (stealth).
  5182 | D:7      | 5182 ||| Stepping ~*~*~tactically~*~*~ (stealth).
  5320 | D:7      | 5320 ||| INVOKING Heroism.
  5368 | D:7      | Found a white marble altar of Elyvilon.
  5650 | D:7      | 5650 ||| Stepping ~*~*~tactically~*~*~ (stealth).
  5652 | D:7      | 5652 ||| Stepping ~*~*~tactically~*~*~ (hiding).
  5661 | D:7      | Reached skill level 9 in Axes
  5664 | D:7      | 5664 ||| Stepping ~*~*~tactically~*~*~ (stealth).
  5996 | D:7      | 5996 ||| READING scroll labelled RUDULU OLOADGH.
  5997 | D:7      | 5997 ||| READING scroll labelled YTONOFRE WEWK.
  5998 | D:7      | 5998 ||| READING scroll labelled TIFEBU KIWYU.
  6102 | D:8      | 6102 ||| Stepping ~*~*~tactically~*~*~ (hiding).
  6103 | D:8      | 6103 ||| INVOKING Heroism.
  6223 | D:8      | Found an ornate altar of the Wu Jian Council.
  6248 | D:8      | Found a burning altar of Makhleb.
  6270 | D:8      | 6270 ||| Stepping ~*~*~tactically~*~*~ (stealth).
  6289 | D:8      | 6289 ||| INVOKING Heroism.
  6410 | D:8      | Found a flagged portal.
  6522 | D:8      | 6522 ||| Stepping ~*~*~tactically~*~*~ (stealth).
  6559 | D:8      | Noticed an ice statue
  6560 | D:8      | 6560 ||| INVOKING Heroism.
  6566 | D:8      | 6566 ||| Stepping ~*~*~tactically~*~*~ (cloud).
  6568 | D:8      | 6568 ||| UPGRADING to ring of protection from fire.
  6862 | D:8      | 6862 ||| READING scroll labelled LUXOHE QIGOMUXA.
  6909 | D:9      | 6909 ||| INVOKING Heroism.
  6984 | D:9      | 6984 ||| DROPPING +0 flail.
  7118 | D:9      | Found a radiant altar of Vehumet.
  7166 | D:9      | 7166 ||| INVOKING Heroism.
  7172 | D:9      | HP: 9/57 [yak (11)]
  7173 | D:9      | 7173 ||| READING scroll of teleportation.
  7173 | D:9      | HP: 3/57 [yak (7)]
  7174 | D:9      | Slain by a yak

Levels and vault maps discovered:
D:1:      arrival_aquarium_a, layout_rooms
D:2:      layout_loops_ring, kennysheep_flooded_box
D:3:      layout_basic, lightli_sewer_entry_pipes, serial_shops, shop,
          chequers_serial_rivers_large_b
D:4:      layout_loops_corners, marbit_many_paths, mainiacjoe_overflow_boulevard
D:5:      layout_loops_ring, nicolae_overflow_hidden_temple,
          doesnt_xom_only_xom, kennysheep_mini
D:6:      layout_basic, fedhas_ov_isle_minmay, mainiacjoe_overflow_tiny_flanked,
          minmay_temple_entry_waves, serial_glass, glass_columns_a,
          glass_columns_b, gammafunk_ghost_hive, uniq_blork_the_orc
D:7:      layout_basic, nicolae_elyvilon_peaceful_grove,
          minmay_shop_enchanted_jewellery, st_stairs_6, lemuel_flamethrower_1
D:8:      lemuel_ice_statue, layout_basic, lightli_temple_of_fire,
          mainiacjoe_overflow_brackets, enter_bailey_5
D:9:      layout_long_grid, mainiacjoe_overflow_paths, david_defended_altar_orc

Skill      XL: |  1  2  3  4  5  6  7  8  9 |
---------------+----------------------------+-----
Axes           | 2 3 4 5 6 7 8 9 |  9.5
Throwing       | 1 |  1.3
Fighting       | 4 5 6 7 |  7.0
Dodging        | 1 2 |  2.0
Invocations    | 3 4 |  4.0
Armour         | 4 5 |  5.0
Shields        | 4 |  4.0

Action                     |  1- 3 |  4- 6 |  7- 9 || total
---------------------------+-------+-------+-------++-------
  Melee: War axe           |    83 |    97 |   308 ||   488
  Throw: Javelin           |    29 |       |       ||    29
 Invoke: Heroism           |       |       |    14 ||    14
    Use: Scroll            |     7 |     2 |    15 ||    24
         Potion            |     2 |       |       ||     2
   Stab: Confused          |       |     3 |       ||     3
         Paralysed         |       |       |     1 ||     1
 Armour: Scale mail        |    33 |       |       ||    33
         Chain mail        |    15 |    39 |   136 ||   190
  Dodge: Dodged            |    34 |    29 |    86 ||   149
  Block: Buckler           |    25 |    30 |   186 ||   241
         Reflection        |     1 |       |     8 ||     9

Table legend:
 A = Non-vault XP
 B = Vault XP
 C = Vault XP percentage of total XP
 D = Non-vault monster count
 E = Vault monster count
 F = Vault count percentage of total count
                 A         B        C        D         E       F
            +---------+---------+-------+---------+---------+-------
      Total |    3936 |     336 |   7.9 |     131 |      17 |  11.5
            +---------+---------+-------+---------+---------+-------
        D:1 |      37 |       0 |   0.0 |      21 |       0 |   0.0
        D:2 |      34 |       0 |   0.0 |      12 |       0 |   0.0
        D:3 |      89 |      75 |  45.7 |      14 |       9 |  39.1
        D:4 |     274 |       2 |   0.7 |      10 |       1 |   9.1
        D:5 |     422 |       0 |   0.0 |      13 |       0 |   0.0
        D:6 |     762 |     100 |  11.6 |      15 |       1 |   6.2
        D:7 |    1175 |     152 |  11.5 |      27 |       2 |   6.9
        D:8 |     664 |       7 |   1.0 |      14 |       4 |  22.2
        D:9 |     479 |       0 |   0.0 |       5 |       0 |   0.0
            +---------+---------+-------+---------+---------+-------
